 Dungeon Crawl Stone Soup version 0.25.1-2-g60ff931df9 (webtiles) character file.

Game seed: 3179608927426572203

1319 DerDa the Magician (level 8, -8/43 HPs)
             Began as a Deep Elf Fire Elementalist on Oct 1, 2020.
             Was an Initiate of Vehumet.
             Killed from afar by Maggie (20 damage)
             ... with a bolt of acid
             ... on level 7 of the Dungeon.
             The game lasted 00:15:25 (7466 turns).

DerDa the Magician (Deep Elf Fire Elementalist)     Turns: 7466, Time: 00:15:26

Health: -8/43      AC: -2    Str:  5    XL:     8   Next: 33%
Magic:  11/21      EV: 14    Int: 23    God:    Vehumet [......]
Gold:   320        SH:  0    Dex: 15    Spells: 12/22 levels left

rFire    . . .     SeeInvis .   l - +0 long sword
rCold    . . .     Gourm    .   (no shield)
rNeg     . . .     Faith    .   a - +0 robe
rPois    .         Spirit   .   (no helmet)
rElec    .         Reflect  .   (no cloak)
rCorr    .         Harm     .   (no gloves)
MR       .....                  (no boots)
Stlth    ++........             (no amulet)
HPRegen  0.14/turn              (no ring)
MPRegen  0.17/turn              (no ring)

@: corroded, mesmerised, very slightly contaminated
A: no striking features
a: Renounce Religion


You were on level 7 of the Dungeon.
You worshipped Vehumet.
Vehumet was noncommittal.
You were very hungry.

You visited 2 branches of the dungeon, and saw 8 of its levels.

You collected 320 gold pieces.

Inventory:

Hand Weapons
 g - a +0 whip of flaming
 h - a +0 club
 l - a +0 long sword (weapon)
Missiles
 b - 361 stones (quivered)
 r - 19 poisoned darts
Armour
 a - a +0 robe (worn)
 y - a +0 buckler
Wands
 u - a wand of flame (7)
Scrolls
 e - 5 scrolls of identify {unknown}
 f - a scroll of enchant weapon {unknown}
 k - a scroll of noise {unknown}
 p - 4 scrolls of magic mapping {unknown}
 q - a scroll of blinking {unknown}
 s - 2 scrolls of remove curse {unknown}
 v - a scroll of enchant armour {unknown}
Potions
 d - a potion of curing
 i - 2 potions of might {unknown}
 j - 2 potions of haste {unknown}
 m - 2 potions of degeneration {unknown}
 n - a potion of berserk rage {unknown}
 o - a potion of ambrosia {unknown}
 t - a potion of lignification {unknown}
 w - a potion of magic {unknown}
 x - 2 potions of stabbing {unknown}
 z - a potion of invisibility {unknown}
Comestibles
 c - 8 rations


   Skills:
 + Level 1.2 Fighting
 * Level 4.0 Dodging
 - Level 2.4 Stealth
 * Level 0.8 Shields
 * Level 7.8 Spellcasting
 * Level 6.0 Conjurations
 * Level 6.8 Fire Magic


You had 12 spell levels left.
You knew the following spells:

 Your Spells              Type           Power        Failure   Level  Hunger
a - Foxfire               Conj/Fire      ####         1%          1    None
b - Sticky Flame          Conj/Fire      #####...     4%          4    ###....
c - Fireball              Conj/Fire      #####.....   14%         5    #####..

Your spell library contained the following spells:

 Spells                   Type           Power        Failure   Level  Hunger
 Conjure Flame            Conj/Fire      #####...     1%          3    None
 Inner Flame              Hex/Fire       ###.....     5%          3    None


Dungeon Overview and Level Annotations

Branches:
Dungeon (7/15)             Temple (1/1) D:5

Altars:
Ashenzari
Cheibriados
Dithmenos
Elyvilon
Fedhas
Gozag
Hepliaklqana
Kikubaaqudgha
Makhleb
Nemelex Xobeh
Okawaru
Qazlal
Ru
Sif Muna
Trog
Uskayaw
Vehumet
Wu Jian
Xom
Yredelemnul
Zin
The Shining One
Beogh

Annotations:
D:4 3 runed translucent doors, execc's ghost, novice OpBe
D:7 Maggie


Message History

The acid corrodes you!
You are splashed with acid!
* * * LOW HITPOINT WARNING * * *
The foxfire hits Maggie.
Maggie is moderately wounded.
Casting: Foxfire (safe; 1% risk of failure)
Confirm with . or Enter, or press ? or * to list all spells.
The spell is quite dangerous to cast (14% risk of failure)!
Continue anyway?
Aiming: Fireball (quite dangerous; 14% risk of failure)
Press: ? - help, Shift-Dir - straight line, f - Maggie
Aim: Maggie, wielding a +0 broad axe, wearing cursed -1 swamp dragon scales and carrying a wand of acid (9) (moderately wounded, mesmerising)
You miscast Fireball.
You are very lightly contaminated with residual magic.
Nothing appears to happen.
You are feeling very hungry.
The foxfire hits Maggie.
Maggie is heavily wounded.
The foxfire hits Maggie.
Maggie is heavily wounded.
Maggie zaps a wand.
The bolt of acid hits you!!
You die...

......+........#
......#........#
....#
####.###.###..##
....#
#.###'########....##.
...#.................
...#...(.............
.###.###..####....#
#######..####§...###
+...[.....'§@§.@..(.
#.........#§§§......
####################


You could see Maggie (mesmerising).

Vanquished Creatures
  2 ice beasts
  A centaur (D:7)
  An ogre (D:4)
  A scorpion (D:5)
  A howler monkey (D:5)
  A hound (D:5)
  A centaur zombie (D:5)
  2 jellies
  3 orc priests
  3 bullfrog skeletons
  5 orc wizards
  8 worker ants
  A howler monkey zombie (D:5)
  5 adders
  4 gnolls (D:5)
  3 oozes
  A worm (D:4)
  3 dart slugs
  2 leopard geckos
  24 orcs
  6 giant cockroaches
  10 goblins
  9 hobgoblins
  13 jackals
  3 quokkas
  A ball python (D:4)
  8 bats
  7 frilled lizards
  A jackal skeleton (D:4)
  9 kobolds
  12 rats
151 creatures vanquished.

Vanquished Creatures (others)
  532 foxfires
532 creatures vanquished.

Grand Total: 683 creatures vanquished

Notes
Turn   | Place    | Note
-------+----------+-------------------------------------------
     0 | D:1      | DerDa the Deep Elf Fire Elementalist began the quest for
                  | the Orb.
     0 | D:1      | Reached XP level 1. HP: 10/10 MP: 6/6
    97 | D:1      | Reached XP level 2. HP: 15/15 MP: 0/8
   541 | D:1      | Reached XP level 3. HP: 19/19 MP: 5/10
   911 | D:1      | Reached skill level 4 in Spellcasting
  1153 | D:2      | Noticed a +0 dagger
  1155 | D:2      | Found a hide-covered altar of Uskayaw.
  1155 | D:2      | Noticed a +0 hand axe
  1802 | D:2      | Reached XP level 4. HP: 24/24 MP: 10/12
  2444 | D:3      | Found a faded altar of an unknown god.
  2719 | D:3      | Found a shattered altar of Ashenzari.
  2792 | D:3      | Reached XP level 5. HP: 28/28 MP: 11/14
  3477 | D:4      | Reached skill level 5 in Spellcasting
  3502 | D:4      | Found an iron altar of Okawaru.
  3654 | D:4      | Noticed an ogre
  3676 | D:4      | Killed an ogre
  3676 | D:4      | Reached skill level 5 in Fire Magic
  3676 | D:4      | Reached XP level 6. HP: 9/32 MP: 8/16
  3682 | D:4      | Learned a level 4 spell: Sticky Flame
  3688 | D:4      | Learned a level 5 spell: Fireball
  4330 | D:4      | Reached skill level 6 in Spellcasting
  4659 | D:4      | Noticed execc's ghost (novice OpBe)
  4660 | D:4      | Found a runed translucent gate.
  4660 | D:4      | Found a runed translucent gate.
  4660 | D:4      | Found a runed translucent gate.
  4661 | D:4      | Found a roughly hewn altar of Beogh.
  4661 | D:4      | Identified the cursed +2 hunting sling of Lies {venom,
                  | Dex+3}
  4969 | D:5      | Entered Level 5 of the Dungeon
  5007 | D:5      | Reached XP level 7. HP: 36/36 MP: 12/18
  5205 | D:5      | Reached skill level 5 in Conjurations
  5487 | D:5      | Reached skill level 7 in Spellcasting
  5685 | D:5      | Found a staircase to the Ecumenical Temple.
  5740 | Temple   | Entered the Ecumenical Temple
  5945 | Temple   | Became a worshipper of Vehumet
  6599 | D:6      | Reached XP level 8. HP: 42/42 MP: 10/21
  6711 | D:6      | Reached skill level 1 in Fighting
  7031 | D:6      | Found a shadowy altar of Dithmenos.
  7459 | D:7      | Noticed Maggie
  7466 | D:7      | Killed from afar by Maggie

Illustrated notes

Levels and vault maps discovered:
D:1:      dpeg_arrival_water_temple_mockup, layout_basic, st_stairs_13
D:2:      layout_loops_corners, dancing_weapons_uskayaw, first_ration
D:3:      layout_basic, nicolae_overflow_crystal_walls,
          chequers_ecumenical_altar_island
D:4:      layout_loops_corners, okawaru_metal_pillars_3,
          biasface_ghost_orc_armoury
D:5:      layout_basic, temple_doors_ab, grunt_ministairs_14
D:6:      layout_cave_pools, grunt_dithmenos_smoke
D:7:      layout_gridville, basic_altar, uniq_maggie
Temple:   hc_temple_tempest_star

Skill      XL: |  1  2  3  4  5  6  7  8 |
---------------+-------------------------+-----
Conjurations   | 2 3 4 5 6 |  6.0
Spellcasting   | 4 5 6 7 |  7.8
Fire Magic     | 4 5 6 |  6.8
Dodging        | 3 4 |  4.0
Fighting       | 1 |  1.2
Stealth        | |  2.4
Shields        | |  0.8

Action                   |  1- 3 |  4- 6 |  7- 9 || total
-------------------------+-------+-------+-------++-------
Melee: Unarmed           |     3 |       |       ||     3
       Club              |     6 |       |       ||     6
       Long sword        |     3 |     2 |     1 ||     6
 Cast: Foxfire           |    75 |   122 |   118 ||   315
       Sticky Flame      |       |     1 |     3 ||     4
       Fireball          |       |       |     1 ||     1
  Use: Potion            |       |     1 |       ||     1
  Eat: Chunk             |     3 |     9 |     4 ||    16
       Ration            |       |       |     1 ||     1
Armor: Robe              |     5 |       |     1 ||     6
Dodge: Dodged            |    23 |    21 |     7 ||    51
       Rpst.: Long sword |     2 |     1 |     2 ||     5
